[Event "*** Titled Tuesday Blitz"]
[Site "Chess.com"]
[Date "2021.02.09"]
[Round "2"]
[White "CalinGheorghiu"]
[Black "Chessmasterzt"]
[Result "0-1"]
[WhiteElo "2301"]
[BlackElo "2624"]
[TimeControl "180+1"]
[EndTime "10:17:14 PST"]
[Termination "Chessmasterzt won on time"]

1. e4 c5 2. Nf3 Nc6 3. d4 cxd4 4. Nxd4 g6 5. Nc3 Bg7 6. Be3 Nf6 7. Bc4 Qa5 8. O-O O-O 9. Nb3 Qc7 10. f4 d6 11. Be2 a6 12. a4 Na5 13. Nxa5 Qxa5 14.
Bf3 Be6 15. Nd5 Bxd5 16. exd5 Qb4 17. Ra2 b5 18. axb5 axb5 19. c3 Qc4 20. Rxa8 Rxa8 21.
Qd2 Ne4 22. Bxe4 Qxe4 0-1

[Event "*** Titled Tuesday Blitz"]
[Site "Chess.com"]
[Date "2021.02.09"]
[Round "2"]
[White "ARTHURMOTIVATOR"]
[Black "csati17"]
[Result "0-1"]
[WhiteElo "2303"]
[BlackElo "2558"]
[TimeControl "180+1"]
[EndTime "10:17:14 PST"]
[Termination "csati17 won by resignation"]

1. e4 e6 2. b3 d5 3. Bb2 Nf6 4. e5 Nfd7 5. f4 c5 6. Qg4 Nc6 7. Nf3 h5 8. Qh3 Rb8 9. a4 c4 10. Nc3 cxb3 11. cxb3 Nc5 12. Nb5 Nxb3 13. Ra3 Nca5 14. Nd6+ Bxd6 15. exd6 f6 16. Bb5+ Bd7 17. Bd3 Qb6 18. Bd4 Nxd4 19. Bg6+ Kd8 20. Nxd4 Qxd4 21.
Rc3 Nc4 22. Rd3 Qxf4 23. Rf1 Qg5 24. Bf7 Rf8 25. Bxh5 Rh8 26. g4 g6 27. Qf3 gxh5 28. gxh5 Ne5 0-1

[Event "*** Titled Tuesday Blitz"]
[Site "Chess.com"]
[Date "2021.02.09"]
[Round "2"]
[White "DamianoLew95"]
[Black "Jospem"]
[Result "0-1"]
[WhiteElo "2588"]
[BlackElo "3044"]
[TimeControl "180+1"]
[EndTime "10:17:15 PST"]
[Termination "Jospem won by resignation"]

1. d4 Nf6 2. Bf4 e6 3. e3 b6 4. Qf3 Nc6 5. Be2 Bb7 6. Qg3 d6 7. Nd2 g6 8. h4 h6 9. Ngf3 Nh5 10. Qh2 Qe7 11. O-O-O O-O-O 12. Kb1 Bg7 13. Nc4 f5 14. d5 exd5 15. Rxd5 Nxf4 16. Qxf4 Ne5 17. Rdd1 Ng4 18. Rhf1 Kb8 19. h5 Qf6 20. c3 g5 21. Qg3 d5 22.
Na3 Rhe8 23. Nd4 a6 24. Bxg4 fxg4 25. Qxg4 c5 26. Nf5 Bf8 27. Qg3+ Ka7 28. Qf3 d4 0-1

[Event "*** Titled Tuesday Blitz"]
[Site "Chess.com"]
[Date "2021.02.09"]
[Round "2"]
[White "CM_rui"]
[Black "oykuince"]
[Result "1-0"]
[WhiteElo "2366"]
[BlackElo "1975"]
[TimeControl "180+1"]
[EndTime "10:17:16 PST"]
[Termination "CM_rui won by resignation"]

1. e4 c5 2. Nf3 e6 3. c4 Nc6 4. d4 cxd4 5. Nxd4 Nf6 6. Nc3 Bb4 7. Nxc6 bxc6 8. Bd3 d5 9. cxd5 cxd5 10. Qa4+ Bd7 11. Qxb4 dxe4 12. Bxe4 Nxe4 13. Nxe4 Qe7 14. Qxe7+ Kxe7 15. Be3 f5 16. Bc5+ Kf7 17. Ng5+ Kf6 18. Nf3 Bc6 19.
Bd4+ Ke7 20. Ne5 Bd5 21. f4 Rhd8 22. Kf2 Rac8 23. Bc3 h6 24. Rhd1 g5 25. g3 g4 26.
Rac1 h5 27. a3 a6 28. Ba5 Rxc1 29. Bxd8+ 1-0

[Event "*** Titled Tuesday Blitz"]
[Site "Chess.com"]
[Date "2021.02.09"]
[Round "2"]
[White "Rsnr"]
[Black "SilviusTiberius"]
[Result "1-0"]
[WhiteElo "2771"]
[BlackElo "2495"]
[TimeControl "180+1"]
[EndTime "10:17:17 PST"]
[Termination "Rsnr won by resignation"]

1. d4 Nf6 2. c4 e6 3. Nf3 d5 4. e3 Be7 5. b3 O-O 6. Bb2 c5 7. Bd3 Nc6 8. O-O cxd4 9. exd4 b6 10. Nbd2 Bb7 11. Qe2 Re8 12. Rac1 Rc8 13. Rfd1 Bf8 14.
h3 g6 15. Qe3 Ne7 16. Ne5 Nf5 17. Bxf5 exf5 18. c5 Nd7 19. c6 Bxc6 20. Rxc6 f6 21. Qf3 Nxe5 22. dxe5 Rxc6 23. exf6 Rce6 24. Kf1 Qd7 25.
g4 Bh6 26. Nc4 Re4 27. gxf5 Qb5 28. fxg6 hxg6 29. f7+ Kh7 30. fxe8=Q Qxe8 31. Nd6 Qe6 32. Nxe4 dxe4 33. Qg4 Qe8 34. Qd7+ Kg8 35. Qxe8+ 1-0

[Event "*** Titled Tuesday Blitz"]
[Site "Chess.com"]
[Date "2021.02.09"]
[Round "2"]
[White "SirStrateg"]
[Black "Bigfish1995"]
[Result "0-1"]
[WhiteElo "2575"]
[BlackElo "2991"]
[TimeControl "180+1"]
[EndTime "10:17:18 PST"]
[Termination "Bigfish1995 won by resignation"]

1. d4 d5 2. Bf4 Nc6 3. e3 e5 4. dxe5 g5 5. Bg3 h5 6. h4 g4 7.
Nc3 Nge7 8. Bb5 Bg7 9. Nge2 Kf8 10. Bxc6 bxc6 11. Qd4 Rh6 12. e4 Ba6 13. O-O-O Qc8 14. Nf4 Kg8 15. Rhe1 Qb7 16. exd5 cxd5 17. Nfxd5 Nf5 18.
Qb4 Nxg3 19. Qxb7 Bxb7 20. fxg3 Re8 21. Nxc7 Rxe5 22. Rd8+ Kh7 23. Rxe5 Bxe5 24. Rd7 Bc6 25. Rxf7+ Kg8 26. Re7 Bxg3 27. N7d5 Bxh4 28. Rxa7 Bg5+ 29. Kb1 Re6 30. b4 h4 31. b5 Bxd5 32. Nxd5 h3 33. gxh3 gxh3 34. Ra3 Re1+ 35. Kb2 Bc1+ 36. Kb3 Bxa3 37. Kxa3 h2 38. b6 h1=Q 0-1

[Event "*** Titled Tuesday Blitz"]
[Site "Chess.com"]
[Date "2021.02.09"]
[Round "2"]
[White "Slovak_fighter2000"]
[Black "PavelShkapenko"]
[Result "1/2-1/2"]
[WhiteElo "2394"]
[BlackElo "2700"]
[TimeControl "180+1"]
[EndTime "10:17:18 PST"]
[Termination "Game drawn by repetition"]

1. d4 Nf6 2. Bf4 e6 3. Nf3 c5 4.
e3 b6 5. Nbd2 cxd4 6. exd4 Bb7 7. c3 Be7 8. Bd3 O-O 9. O-O d6 10. Qe2 a6 11. a4 Nbd7 12. h3 Re8 13. Bh2 Bf8 14. Rfe1 e5 15. dxe5 dxe5 16. Ne4 Bxe4 17. Bxe4 Nxe4 18. Qxe4 Nc5 19. Qc2 Qd3 20. Qxd3 Nxd3 21.
Re2 f6 22. Rd1 Nc5 23. Ra1 Red8 24. Rd2 Rxd2 25. Nxd2 Rd8 26. Nc4 Nxa4 27. Bxe5 b5 28. Bd4 Rb8 29. Ne3 Nxb2 30. Rxa6 Na4 31. Nd5 Nc5 32.
Bxc5 Bxc5 33. Rc6 Bf8 34. Rb6 Rxb6 35. Nxb6 Kf7 36. Nd5 Bd6 37. Kf1 Ke6 38. Ne3 Be5 39. Nd1 Kd5 40. Ke2 Kc4 41. Kd2 Kb3 42. Kd3 f5 43. Kd2 g5 44. Kd3 f4 45. f3 Bg7 46. Kd2 Bf6 47. Kd3 Bg7 48. Kd2 Bf6 49. Kd3 Bg7 1/2-1/2

[Event "*** Titled Tuesday Blitz"]
[Site "Chess.com"]
[Date "2021.02.09"]
[Round "2"]
[White "LEGENYA1998"]
[Black "Shuvalov"]
[Result "1-0"]
[WhiteElo "2244"]
[BlackElo "2513"]
[TimeControl "180+1"]
[EndTime "10:17:18 PST"]
[Termination "LEGENYA1998 won by resignation"]

1. e4 e6 2. Nf3 d5 3. e5 c5 4. Nc3 Bd7 5. d4 Nc6 6. Bb5 Qb6 7. Bxc6 bxc6 8. dxc5 Bxc5 9. O-O Qc7 10. b3 Ne7 11.
Bb2 Ng6 12. Re1 Be7 13. Na4 c5 14. c4 d4 15. b4 Rb8 16. bxc5 O-O 17. Bxd4 Bc6 18.
Nc3 Rfd8 19. Ne2 Bxf3 20. gxf3 Nxe5 21. Bxe5 Qxe5 22. Qc1 Qxc5 23. Ng3 g6 24. Qc3 Rd4 25. Ne4 Rbd8 26. Nxc5 Bxc5 27. Rab1 Rd2 28. Rf1 Rxa2 29. Rbd1 Bxf2+ 30. Rxf2 Rxd1+ 31. Kg2 Rxf2+ 32. Kxf2 Rd7 33. c5 Kf8 34. c6 Rc7 35. Qc5+ Ke8 36. Qd6 1-0

[Event "*** Titled Tuesday Blitz"]
[Site "Chess.com"]
[Date "2021.02.09"]
[Round "2"]
[White "GP9isback23"]
[Black "Angry_Twin"]
[Result "0-1"]
[WhiteElo "2513"]
[BlackElo "2826"]
[TimeControl "180+1"]
[EndTime "10:17:19 PST"]
[Termination "Angry_Twin won by resignation"]

1. d4 Nf6 2. Nf3 d5 3. c4 e6 4.
Nc3 dxc4 5. e3 a6 6. a4 Bb4 7. Bxc4 O-O 8. O-O b6 9. Qe2 Bb7 10. Rd1 Nbd7 11. Bd2 Qe7 12. Rac1 e5 13. Nxe5 Nxe5 14.
dxe5 Qxe5 15. Be1 h6 16. f3 Rfe8 17. Bf2 c6 18. Bxf7+ Kxf7 19. Qc4+ Kg6 20. Qxb4 b5 21. e4 Rad8 22. Bb6 Rxd1+ 23. Rxd1 Re6 24. Qc5 Qf4 25.
Qe3 Qh4 26. g3 Qh5 27. Re1 b4 28. Nd1 Nd5 29. Qf2 Nf6 30. Bd4 c5 31. Bxc5 Bxe4 32.
fxe4 Nxe4 33. Qd4 Nxc5 34. Rxe6+ Nxe6 35. Qe4+ Qf5 36. Nf2 Qxe4 37. Nxe4 Kf5 38. Nf2 a5 39. Kf1 Nc5 40. Ke2 Nxa4 41. b3 Nc5 0-1

[Event "*** Titled Tuesday Blitz"]
[Site "Chess.com"]
[Date "2021.02.09"]
[Round "2"]
[White "SARGISMV"]
[Black "jacky72"]
[Result "0-1"]
[WhiteElo "2427"]
[BlackElo "2686"]
[TimeControl "180+1"]
[EndTime "10:17:20 PST"]
[Termination "jacky72 won by resignation"]

1. d4 Nf6 2. c4 c6 3. Nc3 d5 4. Nf3 a6 5. c5 g6 6. Bf4 Bg7 7. e3 O-O 8. h3 Bf5 9. g4 Be4 10. Nxe4 Nxe4 11. Bd3 Nd7 12. Qc2 Qa5+ 13. Kf1 e5 14. Nxe5 Bxe5 15. Bxe5 Nexc5 16. Bd6 Nxd3 17. Bxf8 Nxf2 18. Qxf2 Rxf8 19. Kg2 f5 20. g5 Re8 21. a3 Re4 22. Rae1 Qd8 23. Qg3 Nb6 24. b3 Qe7 25. Rhf1 Kg7 26. a4 Nc8 27. Rf4 Re6 28.
h4 Nd6 29. h5 Ne4 30. h6+ Kf7 31. Rxe4 Rxe4 32. Kf2 f4 33. Qf3 Qxg5 34. Re2 Qxh6 35.
Ke1 Qh4+ 36. Kd2 Qg3 37. Qh1 h5 38. exf4 Rxd4+ 39. Kc2 Qd3+ 40. Kc1 Qxe2 0-1

[Event "*** Titled Tuesday Blitz"]
[Site "Chess.com"]
[Date "2021.02.09"]
[Round "2"]
[White "FMOlexandrProhorov"]
[Black "Mihnea2017"]
[Result "0-1"]
[WhiteElo "2125"]
[BlackElo "2402"]
[TimeControl "180+1"]
[EndTime "10:17:21 PST"]
[Termination "Mihnea2017 won by resignation"]

1. e4 c5 2. c3 d5 3. exd5 Qxd5 4. d4 Nc6 5. Nf3 Bf5 6. Be3 Nf6 7. dxc5 Qxd1+ 8.
Kxd1 O-O-O+ 9. Nbd2 e5 10. b4 Nd5 11. Rc1 f6 12.
Bb5 Be7 13. Bxc6 bxc6 14. Re1 Rd7 15. Ke2 Rhd8 16. Nb3 g5 17. h3 h5 18. Kf1 g4 19.
hxg4 hxg4 20. Nh4 Bd3+ 21. Kg1 f5 22. Ng6 Bf6 23. Bd2 Be4 24. c4 Ne7 25. Nxe7+ Bxe7 26. Bc3 Bf6 27. Na5 Kc7 28. b5 Rh7 29. b6+ axb6 30.
cxb6+ Kxb6 31. c5+ Ka6 32. Nc4 Rdh8 33. f3 g3 0-1

[Event "*** Titled Tuesday Blitz"]
[Site "Chess.com"]
[Date "2021.02.09"]
[Round "2"]
[White "HZMC92"]
[Black "canary2016"]
[Result "1-0"]
[WhiteElo "2368"]
[BlackElo "1998"]
[TimeControl "180+1"]
[EndTime "10:17:21 PST"]
[Termination "HZMC92 won by checkmate"]

1. d4 d5 2. c4 c6 3. cxd5 cxd5 4. Nc3 Nc6 5. Nf3 Nf6 6. Bf4 Bf5 7. e3 e6 8. Bd3 Bxd3 9. Qxd3 Bd6 10. Bg5 O-O 11. O-O h6 12. Bh4 Rc8 13. Rac1 Be7 14. a3 Nd7 15. Bxe7 Qxe7 16. b4 Nf6 17. Nd2 Qd7 18.
Nb3 b6 19. b5 Ne7 20. Na2 Ne4 21. Nb4 Rfe8 22. a4 Red8 23. h3 Re8 24. f3 Nd6 25. e4 Nc4 26. Qe2 Qd6 27. Nd3 Qa3 28. Nd2 Qa2 29.
Rf2 Qxd2 30. Qxd2 Nxd2 31. Rxd2 Rxc1+ 32. Nxc1 Rc8 33. Ne2 Rc4 34. Ra2 Kf8 35. a5 Nc8 36. axb6 axb6 37. Ra8 Ke7 38. Rb8 Kf6 39. Rb7 dxe4 40.
fxe4 Nd6 41. e5+ Kg6 42. exd6 Rc8 43. Rxb6 Kf6 44. Rb7 Rd8 45. d7 Ke7 46. Kf2 Rxd7 47. Rxd7+ Kxd7 48. Nc3 Kc7 49. Ke3 Kb6 50. Ke4 f6 51. d5 exd5+ 52. Kxd5 g6 53. Ke6 f5 54. Kf6 g5 55. Kxf5 Kc5 56. Kg6 Kb6 57. Kxh6 Kc5 58.
Kxg5 Kb6 59. h4 Kc5 60. h5 Kb6 61. h6 Kc5 62. h7 Kb6 63. h8=Q Kc5 64. Qe5+ Kb6 65.
Qd4+ Kb7 66. Qc5 Kb8 67. Qe7 Ka8 68. b6 Kb8 69. Nb5 Kc8 70. Qc7# 1-0

[Event "*** Titled Tuesday Blitz"]
[Site "Chess.com"]
[Date "2021.02.09"]
[Round "2"]
[White "Jungle_Jaguar"]
[Black "Ladislav1969"]
[Result "1-0"]
[WhiteElo "2627"]
[BlackElo "2318"]
[TimeControl "180+1"]
[EndTime "10:17:22 PST"]
[Termination "Jungle_Jaguar won by checkmate"]

1. b3 Nf6 2. Bb2 d5 3. Nf3 c5 4. e3 g6 5. Be2 Bg7 6. O-O O-O 7. c4 dxc4 8. bxc4 Bf5 9. d3 Nc6 10.
Qb3 Qc7 11. Nc3 Rfd8 12. Rfd1 Nb4 13. a3 Nc6 14. e4 Bg4 15. Nd5 Nxd5 16. exd5 Bxf3 17.
Bxf3 Nd4 18. Bxd4 Bxd4 19. Ra2 Rd6 20. Re2 Re8 21. Rde1 Kf8 22. Qc2 Qa5 23. Qc1 Bg7 24. Qf4 Rf6 25. Qc1 Ra6 26. Qf4 Rf6 27. Qh4 Qxa3 28. d6 Rxd6 29. Rxe7 Red8 30. Qf4 h5 31. Qxf7# 1-0

[Event "*** Titled Tuesday Blitz"]
[Site "Chess.com"]
[Date "2021.02.09"]
[Round "2"]
[White "publicaccountcze"]
[Black "DanilNajdin"]
[Result "0-1"]
[WhiteElo "2265"]
[BlackElo "2468"]
[TimeControl "180+1"]
[EndTime "10:17:23 PST"]
[Termination "DanilNajdin won on time"]

1. d4 f5 2. e4 fxe4 3. Nc3 Nf6 4. Bg5 Nc6 5. Qe2 Nxd4 6. Qd2 e5 7. Bxf6 Qxf6 8. Nxe4 Qc6 9. Bd3 d5 10. Nc3 Bb4 11.
a3 Ba5 12. b4 Bb6 13. Nge2 O-O 14. O-O Bg4 15. Ng3 e4 16. Be2 Nxe2+ 17. Ncxe2 Rxf2 18. Kh1 Raf8 19. Rxf2 Rxf2 20. Rf1 Rxf1+ 21. Nxf1 Qc4 22. Qg5 Qxe2 23. Qxd5+ Kf8 24. Qd8+ Kf7 25. Qd5+ Be6 0-1

[Event "*** Titled Tuesday Blitz"]
[Site "Chess.com"]
[Date "2021.02.09"]
[Round "2"]
[White "Trickster_Pony"]
[Black "GelmanAlexander"]
[Result "0-1"]
[WhiteElo "1490"]
[BlackElo "2593"]
[TimeControl "180+1"]
[EndTime "10:17:25 PST"]
[Termination "GelmanAlexander won by resignation"]

1. c4 c5 2. g3 Nf6 3. Bg2 e6 4. Nf3 Be7 5. b3 O-O 6. O-O d6 7. Bb2 a6 8. d3 Nc6 9. Nbd2 Qc7 10. e4 b5 11. Ne1 Bb7 12. f4 Nd7 13. Nef3 Bf6 14. Bxf6 Nxf6 15. h3 h6 16. e5 dxe5 17. fxe5 Nxe5 18. Nxe5 Bxg2 19. Kxg2 Qxe5 20. Nf3 Qd6 21.
Qe2 Rfd8 22. Rfd1 Qc7 23. Rac1 Rac8 24. d4 cxd4 25. Nxd4 bxc4 26. Kh2 c3 27. Rc2 Qb6 28. Nf3 Rxd1 29. Qxd1 Qe3 30. Kg2 Nd5 31. Nd4 Qe4+ 32.
Nf3 Qxc2+ 0-1

[Event "*** Titled Tuesday Blitz"]
[Site "Chess.com"]
[Date "2021.02.09"]
[Round "2"]
[White "Marty435"]
[Black "A-S-00"]
[Result "1-0"]
[WhiteElo "2595"]
[BlackElo "2315"]
[TimeControl "180+1"]
[EndTime "10:17:25 PST"]
[Termination "Marty435 won by resignation"]

1. c4 e5 2. Nc3 Nf6 3. Nf3 Nc6 4. e3 Bb4 5. Qc2 O-O 6. Nd5 Be7 7. Ng5 g6 8. Nxf6+ Bxf6 9. Ne4 Bg7 10. Nc3 d6 11.
Be2 f5 12. d3 Ne7 13. h4 Be6 14. h5 c6 15. e4 f4 16. hxg6 hxg6 17. Bd2 a6 18.
Qd1 b5 19. Bg4 Qd7 20. Bxe6+ Qxe6 21. b3 Kf7 22. Qf3 Rh8 23. Ke2 b4 24. Na4 a5 25.
g3 g5 26. gxf4 exf4 27. Rag1 Qg6 28. Bxf4 Rxh1 29. Bxg5+ Bf6 30. Qxh1 Bxg5 31. f4 Ke8 32. Rxg5 Qf7 33. Qh8+ Qf8 34. Rh5 Kd7 35. Nb6+ 1-0

[Event "*** Titled Tuesday Blitz"]
[Site "Chess.com"]
[Date "2021.02.09"]
[Round "2"]
[White "CrushingKings"]
[Black "cassoulet"]
[Result "1-0"]
[WhiteElo "2415"]
[BlackElo "2714"]
[TimeControl "180+1"]
[EndTime "10:17:26 PST"]
[Termination "CrushingKings won by resignation"]

1. e4 g6 2. d4 Bg7 3. Be3 d6 4. Nc3 Nf6 5. Qd2 Ng4 6. Bg5 h6 7. Bh4 c5 8. dxc5 Nc6 9. cxd6 g5 10. Bg3 Qb6 11. Nd5 Qxb2 12. Nc7+ Kd7 13. dxe7+ Bd4 14. Rd1 Kxe7 15. Nf3 Rd8 16. Nxd4 Rxd4 17. Bd3 Rb8 18. Nd5+ Rxd5 19. exd5 Nce5 20. O-O Bd7 21. Rfe1 Re8 22.
h3 Kf8 23. hxg4 Nxg4 24. Rxe8+ Bxe8 25. d6 Qf6 26. Qb4 Bd7 27. Qxb7 Qe6 28. Qb8+ Kg7 29.
Qb4 h5 30. Re1 Qf6 31. Qxg4 1-0

[Event "*** Titled Tuesday Blitz"]
[Site "Chess.com"]
[Date "2021.02.09"]
[Round "2"]
[White "Alexander_Moskalenko"]
[Black "vladgoncharov"]
[Result "1-0"]
[WhiteElo "2776"]
[BlackElo "2497"]
[TimeControl "180+1"]
[EndTime "10:17:27 PST"]
[Termination "Alexander_Moskalenko won on time"]

1. c4 Nf6 2. Nc3 c5 3. Nf3 d5 4. cxd5 Nxd5 5. e4 Nb4 6. Bc4 Nd3+ 7. Ke2 Nf4+ 8. Kf1 Ne6 9. b4 cxb4 10. Ne2 Nc5 11. Qc2 e6 12. d4 Ncd7 13. h4 Be7 14. h5 h6 15. Rh3 Nb6 16. Bd3 Nc6 17. Rg3 Kf8 18. Kg1 a5 19. Be3 Bd7 20. Nf4 Rc8 21.
Qb2 Bf6 22. e5 Bg5 23. Nxg5 hxg5 24. Nh3 Rxh5 25. Nxg5 Be8 26. Qe2 Rh8 27. Qf3 Qe7 28. Rh3 Rxh3 29. Qxh3 Qc7 30. Qh4 Nd5 31. Nh7+ Kg8 32.
Bg5 f5 33. exf6 gxf6 34. Nxf6+ Nxf6 35. Bxf6 Kf7 36. Bg5 e5 37. Bf5 1-0

[Event "*** Titled Tuesday Blitz"]
[Site "Chess.com"]
[Date "2021.02.09"]
[Round "2"]
[White "davigator"]
[Black "Dahamdi_Sanudula"]
[Result "1/2-1/2"]
[WhiteElo "2345"]
[BlackElo "1680"]
[TimeControl "180+1"]
[EndTime "10:17:28 PST"]
[Termination "Game drawn by repetition"]

1. e4 d5 2. exd5 Qxd5 3. Nc3 Qa5 4. Bc4 Nf6 5. d3 c6 6. Ne2 Bg4 7. f3 Bd7 8. Bd2 Qc7 9. Bf4 Qd8 10. Qd2 Bf5 11.
O-O-O e6 12. g4 Bg6 13. Be5 Bd6 14. Bxd6 Qxd6 15. Nf4 Nbd7 16. h4 e5 17. Nxg6 hxg6 18.
Rde1 Nd5 19. Ne4 Qc7 20. Ng5 N7b6 21. Bb3 O-O-O 22. Qe2 Rhe8 23. Qe4 Kb8 24. c3 Qd7 25. Bc2 f5 26. Qe2 Nf4 27. Qh2 Nxd3+ 28. Bxd3 Qxd3 29. Rxe5 Rxe5 30. Qxe5+ Ka8 31. Re1 Qd2+ 32. Kb1 Qd3+ 33. Kc1 Qd2+ 34. Kb1 Qd3+ 35. Kc1 1/2-1/2

[Event "*** Titled Tuesday Blitz"]
[Site "Chess.com"]
[Date "2021.02.09"]
[Round "2"]
[White "AlexSuv"]
[Black "Kobalia"]
[Result "0-1"]
[WhiteElo "2468"]
[BlackElo "2693"]
[TimeControl "180+1"]
[EndTime "10:17:29 PST"]
[Termination "Kobalia won by resignation"]

1. d4 d5 2. c4 c6 3. Nc3 dxc4 4. e3 b5 5. a4 b4 6. Na2 e6 7. Bxc4 a5 8. Nf3 Nf6 9. O-O Ba6 10. Qe2 Bxc4 11.
Qxc4 Qd5 12. Qe2 c5 13. dxc5 Bxc5 14. Rd1 Qb7 15. Bd2 O-O 16. Nc1 Nbd7 17. Nb3 Bb6 18. Be1 Nc5 19. Nxc5 Bxc5 20. Rac1 Rac8 21. Ne5 Ba7 22.
Nc4 Rc5 23. Nd6 Qc6 24. Rxc5 Bxc5 25. Nb5 Bb6 26. f3 Nd5 27. Bf2 h6 28. g3 Rc8 29.
e4 Ne7 30. Na7 Bxa7 31. Bxa7 Ng6 32. Bd4 Qxa4 33. h4 Rd8 34. h5 Ne5 35. Rd2 Nc6 36.
Be3 Rxd2 37. Qxd2 Qb3 38. g4 a4 39. g5 hxg5 40. Bxg5 a3 41. bxa3 bxa3 42. h6 a2 0-1

[Event "*** Titled Tuesday Blitz"]
[Site "Chess.com"]
[Date "2021.02.09"]
[Round "2"]
[White "Korchmar_Vasiliy"]
[Black "garicradomir"]
[Result "1-0"]
[WhiteElo "2604"]
[BlackElo "2213"]
[TimeControl "180+1"]
[EndTime "10:17:32 PST"]
[Termination "Korchmar_Vasiliy won by resignation"]

1. e4 g6 2. d4 Nf6 3. Nc3 d5 4. e5 Ne4 5. Bd3 Nxc3 6. bxc3 c5 7. Nf3 Bg4 8. h3 Bxf3 9. Qxf3 c4 10. Be2 e6 11.
O-O Be7 12. Bh6 Nd7 13. Qe3 Qa5 14. f4 O-O-O 15. g4 Nb6 16. f5 gxf5 17. gxf5 Na4 18. fxe6 fxe6 19. Bg4 Rhg8 20. Rf7 Rd7 21. Raf1 Qxc3 22.
Qxc3 Nxc3 23. Bg7 Kd8 24. Bxe6 Rc7 25. Kh2 Rc6 26. Rxe7 Rxg7 27. Rxg7 Rxe6 28. Rf8+ Re8 29. Rxe8+ Kxe8 30. Rxb7 Ne2 31. Rb5 Nxd4 32. Rxd5 Nxc2 33.
Ra5 Nd4 34. Rc5 Ke7 35. Rxc4 Nf3+ 36. Kg3 Nxe5 37. Rc7+ 1-0

[Event "*** Titled Tuesday Blitz"]
[Site "Chess.com"]
[Date "2021.02.09"]
[Round "2"]
[White "mamonika"]
[Black "Sergienko_Sergey"]
[Result "0-1"]
[WhiteElo "2014"]
[BlackElo "2371"]
[TimeControl "180+1"]
[EndTime "10:17:32 PST"]
[Termination "Sergienko_Sergey won on time"]

1. e4 c5 2. Nf3 a6 3. d4 cxd4 4. Nxd4 Nf6 5. Nc3 e5 6. Nb3 Bb4 7. Qd3 d6 8. Be2 O-O 9. O-O Bxc3 10. bxc3 h6 11. Rd1 Be6 12. Ba3 Nc6 13. Bxd6 Re8 14.
Nc5 Qc8 15. Rab1 b5 16. Qg3 Bxa2 17. Ra1 Bc4 18. Bxc4 bxc4 19. Ra4 Rd8 20. Raa1 Qg4 21. Qxg4 Nxg4 22. h3 Nf6 23. Bc7 Rxd1+ 24. Rxd1 a5 25.
f3 a4 26. Ra1 a3 27. Bd6 Ne8 28. Nb7 Ra7 0-1

[Event "*** Titled Tuesday Blitz"]
[Site "Chess.com"]
[Date "2021.02.09"]
[Round "2"]
[White "Michaelson_11"]
[Black "ural58"]
[Result "0-1"]
[WhiteElo "2276"]
[BlackElo "2478"]
[TimeControl "180+1"]
[EndTime "10:17:33 PST"]
[Termination "ural58 won by resignation"]

1. e4 d5 2. exd5 Qxd5 3. Nc3 Qa5 4. Bc4 Nf6 5. Nge2 Nc6 6. d3 e5 7. Bd2 Be6 8. Nd5 Nb4 9. Nxf6+ gxf6 10. Bxe6 fxe6 11. a3 Qd5 12. axb4 Qxg2 13. Ng3 h5 14. h4 f5 15. Rf1 Be7 16. Qe2 Bf6 17. Nxh5 Bxh4 18.
O-O-O O-O-O 19. Rg1 Qd5 20. Kb1 f4 21. Ng7 Bf6 22.
Qg4 Rd6 23. Bc3 Rg8 24. d4 Rxg7 25. Qxg7 Bxg7 26. Rxg7 e4 27. Rg8+ Kd7 28. Rdg1 Kc6 29. b3 e3 30. fxe3 fxe3 31. Bb2 e2 32. Kc1 Qf3 33.
Kd2 Qf2 34. c4 e1=Q+ 0-1

[Event "*** Titled Tuesday Blitz"]
[Site "Chess.com"]
[Date "2021.02.09"]
[Round "2"]
[White "shaheus"]
[Black "dodorox"]
[Result "1-0"]
[WhiteElo "2401"]
[BlackElo "2121"]
[TimeControl "180+1"]
[EndTime "10:17:34 PST"]
[Termination "shaheus won on time"]

1. e4 e6 2. Nf3 d5 3. Nc3 Nf6 4. Qe2 d4 5. Nb1 c5 6. d3 Nc6 7. g3 e5 8. Bg2 Be7 9. h3 O-O 10. O-O h6 11. Nh4 Nh7 12. Nf5 Bxf5 13. exf5 Bf6 14.
Nd2 Re8 15. Bxc6 bxc6 16. Ne4 Qd5 17. b3 Ng5 18. Bxg5 Bxg5 19. Qg4 Bd8 20. h4 f6 21.
Kh2 Be7 22. Rg1 Qf7 23. Qf3 Kh7 24. g4 Rac8 25. Rg3 Rf8 26. Rag1 Kh8 27. Kg2 Rc7 28. Kf1 Rcc8 29. Ke2 Kh7 30. a4 Rcd8 31. Rh3 Rb8 32. Ng3 Kg8 33. Qxc6 Rfc8 34. Qf3 c4 35. dxc4 1-0

[Event "*** Titled Tuesday Blitz"]
[Site "Chess.com"]
[Date "2021.02.09"]
[Round "2"]
[White "Ghost_Pepper"]
[Black "Joseacorrea"]
[Result "1-0"]
[WhiteElo "2369"]
[BlackElo "2000"]
[TimeControl "180+1"]
[EndTime "10:17:35 PST"]
[Termination "Ghost_Pepper won on time"]

1. e4 c5 2. Nf3 g6 3. g3 Bg7 4. Bg2 Nc6 5. O-O d6 6. d3 Nf6 7. Re1 O-O 8. c3 Bg4 9. Nbd2 Qd7 10. Nf1 Ne5 11. Ne3 Bxf3 12. Bxf3 Nxf3+ 13. Qxf3 Qh3 14. Qg2 Qxg2+ 15. Kxg2 b5 16. Nd5 Nxd5 17. exd5 Bf6 18. Re4 Rfe8 19. a4 a6 20. h4 e6 21. dxe6 Rxe6 22.
Rxe6 fxe6 23. axb5 a5 24. c4 Kf7 25. Ra2 Ke7 26. b3 Bc3 27. Kf3 d5 28. Kg4 Rf8 29.
Bg5+ Kd7 30. h5 e5 31. f4 e4 32. dxe4 dxe4 33. Re2 Re8 34. hxg6 hxg6 35. f5 gxf5+ 36. Kxf5 e3 37. Rxe3 Rf8+ 38. Ke4 Bd4 39. Rf3 Re8+ 40. Kf5 Re1 41. Bf4 Rb1 42. g4 Ra1 43. Rh3 Ra3 44. g5 a4 45. Rh7+ Ke8 46. bxa4 Rxa4 47.
b6 Rxc4 48. b7 Rb4 49. b8=Q+ Rxb8 50. Bxb8 1-0

[Event "*** Titled Tuesday Blitz"]
[Site "Chess.com"]
[Date "2021.02.09"]
[Round "2"]
[White "Reader777"]
[Black "noblerone"]
[Result "1-0"]
[WhiteElo "2802"]
[BlackElo "2416"]
[TimeControl "180+1"]
[EndTime "10:17:37 PST"]
[Termination "Reader777 won by resignation"]

1. d4 d5 2. c4 c6 3. Nf3 Nf6 4. g3 Bg4 5. Bg2 e6 6. O-O Nbd7 7. Nc3 Be7 8. Nd2 O-O 9. Qc2 Bh5 10. e4 dxe4 11.
Ndxe4 Nxe4 12. Nxe4 Nf6 13. Be3 Bg6 14. Nxf6+ Bxf6 15. Qb3 Qc7 16. Rac1 Rfd8 17. Rfd1 h6 18. d5 exd5 19.
cxd5 Rdb8 20. Bf4 Be5 21. d6 Qa5 22. Bxe5 Qxe5 23. d7 Qc7 24. Qb4 Rd8 25. Bh3 Rab8 26. Qd4 Qa5 27. a3 a6 28. Rc5 Qb6 29. Qc3 Qc7 30. Re5 Rf8 31. Rde1 Qd6 32. Re8 f6 33. Rxb8 Rxb8 34. Qb3+ Kh7 35. Rd1 Qe7 36. Qb6 Bf7 37.
d8=Q 1-0

[Event "*** Titled Tuesday Blitz"]
[Site "Chess.com"]
[Date "2021.02.09"]
[Round "2"]
[White "DvaHrasta"]
[Black "mr65"]
[Result "1-0"]
[WhiteElo "2394"]
[BlackElo "2102"]
[TimeControl "180+1"]
[EndTime "10:17:37 PST"]
[Termination "DvaHrasta won by resignation"]

1. c4 Nf6 2. g3 g6 3. Bg2 Bg7 4. Nf3 O-O 5. O-O d6 6. Nc3 Nc6 7. d3 e5 8. Rb1 a5 9. a3 Be6 10.
h3 Qd7 11. Kh2 Nh5 12. e4 Kh8 13. b4 axb4 14. axb4 f5 15. b5 Nd4 16. Nxd4 exd4 17. exf5 gxf5 18. Nd5 Nf6 19. Nxf6 Rxf6 20. Bxb7 Rg8 21.
Bc6 Qf7 22. Bf4 Bh6 23. Qf3 Bxf4 24. Qxf4 d5 25. c5 Bd7 26. Bxd7 Qxd7 27. b6 cxb6 28.
Qxd4 Qg7 29. Rxb6 Rgf8 30. Rxf6 Qxf6 31. Qxf6+ Rxf6 32. Rc1 Rc6 33. Kg2 f4 34. gxf4 Kg7 35.
Kf3 Kf6 36. Ke3 Ke6 37. Kd4 Rc8 38. c6 Rc7 39. Rc5 Kd6 40. Rxd5+ Kxc6 41. Rc5+ Kd6 42. Rxc7 Kxc7 43. Ke5 Kd7 44. d4 1-0